AoeStats
← Oopsis

Black Forest

509952513Analyzed
2v2 RM · 2d ago on Sep 28, 2026· 58m 51s· 4 players
Game mode
Random Map
Map size
Medium (4 player)
Population
200
Speed
Normal
Resources
Standard
Victory
Conquest
Starting age
Dark Age
Ending age
Imperial Age
RankedLock teamsTeams togetherTeam positionsShared explorationLock speedFull tech treeHidden civsTurbo modeCheats
Victory
Defeat
🇷🇺 Byzantines · Russia
810
+18
🇷🇺 Khmer · Russia
810
+18
🇷🇴 Celts · Romania
846
-18
🇷🇴 Franks · Romania
846
-18
k3n7 R8hero
0:36 Loom
13:29 Feudal Age
18:46 Castle Age
22:38 Stone Mining
23:44 Horse Collar
24:01 Double-Bit Axe
25:02 Gold Mining
25:47 Stone Shaft Mining
26:12 Heavy Plow
26:24 Bow Saw
27:31 Caravan
30:19 Wheelbarrow
29:34 Town Watch
31:03 Tusk Swords
31:07 Elite Skirmisher
32:34 Hand Cart
32:22 Town Patrol
33:57 Pikeman
36:13 Gold Shaft Mining
36:14 Stone Shaft Mining
39:58 Imperial Age
38:08 Bloodlines
37:19 Light Cavalry
38:00 Husbandry
38:10 Scale Barding Armor
38:06 Scale Mail Armor
38:17 Forging
38:10 Padded Archer Armor
40:35 Elite Ballista Elephant
41:52 Double Crossbow
43:18 Conscription
43:23 Leather Archer Armor
42:58 Fletching
43:43 Iron Casting
43:24 Chain Mail Armor
43:14 Halberdier
45:53 Ballistics
46:33 Chemistry
45:44 Fortified Wall
45:51 Masonry
45:38 Murder Holes
45:42 Heavy Scorpion
45:44 Capped Ram
46:48 Elite Battle Elephant
47:57 Chain Barding Armor
48:08 Ring Archer Armor
47:33 Bodkin Arrow
48:39 Blast Furnace
48:17 Hussar
49:59 Plate Barding Armor
50:10 Hoardings
51:49 Siege Ram
56:03 Onager
Oopsis
11:57 Feudal Age
12:40 Loom
14:30 Horse Collar
15:29 Double-Bit Axe
17:47 Castle Age
21:16 Wheelbarrow
21:09 Scale Barding Armor
21:17 Forging
22:20 Heavy Plow
23:01 Bow Saw
25:12 Caravan
25:47 Gold Mining
25:49 Stone Mining
28:49 Hand Cart
33:33 Imperial Age
33:47 Ballistics
33:09 Treadmill Crane
33:28 Murder Holes
33:48 Fortified Wall
34:16 Gold Shaft Mining
34:19 Stone Shaft Mining
34:21 Iron Casting
34:07 Chain Barding Armor
33:40 Fletching
33:51 Padded Archer Armor
33:53 Scale Mail Armor
36:39 Conscription
35:45 Elite Cataphract
38:17 Crop Rotation
38:51 Two-Man Saw
37:38 Elite Skirmisher
37:40 Crossbowman
38:26 Thumb Ring
38:26 Husbandry
37:48 Light Cavalry
39:05 Gambesons
38:40 Pikeman
39:21 Squires
39:06 Arson
39:36 Logistica
39:44 Arbalester
39:51 Hussar
39:51 Cavalier
39:53 Heavy Camel Rider
40:01 Halberdier
41:51 Chemistry
40:36 Arrowslits
40:43 Guard Tower
43:29 Plate Barding Armor
43:12 Chain Mail Armor
42:52 Bodkin Arrow
43:13 Leather Archer Armor
42:28 Elite Varangian Guard
45:08 Bombard Tower
46:19 Hoardings
47:16 Plate Mail Armor
46:46 Bracer
47:16 Ring Archer Armor
56:20 Keep
YANNICKKO
13:10 Feudal Age
11:26 Loom
18:26 Castle Age
19:13 Double-Bit Axe
25:27 Wheelbarrow
26:22 Gold Mining
27:12 Stone Mining
29:50 Bow Saw
35:37 Imperial Age
35:41 Hand Cart
36:45 Gold Shaft Mining
36:13 Cavalier
37:52 Scale Barding Armor
37:57 Forging
37:59 Caravan
38:27 Siege Engineers
39:01 Chain Barding Armor
38:06 Paladin
39:38 Chivalry
40:28 Hoardings
41:55 Plate Barding Armor
41:56 Iron Casting
47:35 Blast Furnace
52:19 Onager
57:41 Light Cavalry
THE SUSPECT
0:44 Loom
15:04 Feudal Age
18:36 Castle Age
16:33 Double-Bit Axe
18:52 Horse Collar
20:07 Wheelbarrow
20:21 Bow Saw
20:04 Gold Mining
24:36 Hand Cart
28:07 Heavy Plow
31:01 Imperial Age
29:11 Forging
29:01 Scale Mail Armor
29:53 Stone Mining
30:19 Arson
31:51 Stone Shaft Mining
31:52 Gold Shaft Mining
31:56 Heavy Scorpion
33:58 Onager
35:07 Elite Woad Raider
36:07 Conscription
37:04 Iron Casting
36:44 Chain Mail Armor
39:42 Blast Furnace
39:13 Plate Mail Armor
39:48 Chemistry
38:58 Fortified Wall
40:47 Man-at-Arms
40:50 Pikeman
42:34 Siege Onager
46:00 Furor Celtica
47:41 Cavalier
48:21 Husbandry
49:40 Paladin
50:42 Caravan
55:13 Halberdier
Connection lost

Rejoining the realm…

Still unreachable

The connection could not be restored.

Session expired

The server has moved on; the page needs a fresh start.